 Dungeon Crawl Stone Soup version 0.19-a0-1210-g5c1aa26 (webtiles) character file.

302217 George the Shatterer (level 21, -21/136 HPs)
             Began as a Gargoyle Fighter on Aug 22, 2016.
             Was the Champion of Okawaru.
             Killed from afar by a wizard (37 damage)
             ... with a crystal spear
             ... on level 2 of the Vaults.
             The game lasted 02:28:18 (42595 turns).

George the Shatterer (Gargoyle Fighter)            Turns: 42595, Time: 02:28:18

Health: -21/136    AC: 39    Str: 23    XL:     21   Next: 6%
Magic:  25/32      EV: 12    Int: 14    God:    Okawaru [******]
Gold:   3179       SH: 17    Dex: 14    Spells: 0 memorised, 20 levels left

rFire  + . .     SeeInvis +     H - +7 flail of Taxation {flame, +Blink}
rCold  + . .     Gourm    .     m - +2 chain mail {rF+}
rNeg   + + .     Faith    .     P - +0 shield {reflect}
rPois  ∞         Spirit   .     X - +0 helmet {Int+3}
rElec  +         Dismiss  .     y - +1 cloak of Sloth {rPois MR++}
rCorr  .         Reflect  +     O - +0 pair of gloves of Fuogum {rPois rN+ Stlth-}
MR     +++..     Harm     .     o - +1 pair of boots {Fly}
Stlth  ..........               q - amulet of regeneration
                                g - ring of protection from cold
                                e - ring of see invisible

@: heroism, finesse, flying
A: big wings, hooves 1, camouflage 1, clever 1, deformed body, negative energy
resistance 1, electricity resistance, weak 1, unbreathing, petrification
resistance, rot immunity, AC +15
a: Stop Flying, Heroism, Finesse, Renounce Religion, Evoke Blink
}: 2/15 runes: serpentine, barnacled


You were on level 2 of the Vaults.
You worshipped Okawaru.
Okawaru was exalted by your worship.
You were hungry.

You visited 7 branches of the dungeon, and saw 34 of its levels.
You visited the Abyss 2 times.
You visited 1 bazaar.
You also visited: Labyrinth, Sewer, Ossuary and Ice Cave.

You collected 4343 gold pieces.
You spent 1164 gold pieces at shops.

Inventory:

Hand Weapons
 E - a +2 morningstar of holy wrath
 H - the +7 flail of Taxation (weapon) {flame, +Blink}
   (Okawaru gifted it to you on level 4 of the Shoals)

   It has been specially enchanted to burn those struck by it, causing extra
   injury to most foes and up to half again as much damage against particularly
   susceptible opponents.
   It lets you blink.
Missiles
 Z - 7 throwing nets (quivered)
Armour
 b - a +1 pair of gloves of strength
 m - a +2 chain mail of fire resistance (worn)
 o - a +1 pair of boots of flying (worn)
 y - the +1 cloak of Sloth (worn) {rPois MR++}
   (You found it on level 12 of the Dungeon)

   It protects you from poison.
   It affects your resistance to hostile enchantments.
 O - the +0 pair of gloves of Fuogum (worn) {rPois rN+ Stlth-}
   (Okawaru gifted it to you on level 4 of the Shoals)

   It protects you from poison.
   It protects you from negative energy.
   It makes you less stealthy.
 P - a +0 shield of reflection (worn)
 X - a +0 helmet of intelligence (worn)
Jewellery
 e - a ring of see invisible (left hand)
 g - a ring of protection from cold (right hand)
 q - an amulet of regeneration (around neck)
 x - a +4 ring of evasion
 M - an uncursed ring of positive energy
 R - an uncursed ring of resist corrosion
Wands
 T - a wand of digging (9/24)
 U - a wand of lightning (7/15)
 V - a wand of teleportation (5/9)
Scrolls
 a - a scroll of holy word
 c - 7 scrolls of enchant weapon
 j - 19 scrolls of remove curse
 l - 11 scrolls of recharging
 n - 3 scrolls of fear
 r - 14 scrolls of teleportation
 t - 7 scrolls of identify
 v - 5 scrolls of fog
 D - 5 scrolls of blinking
 I - 4 scrolls of enchant armour
 K - 14 scrolls of immolation
 N - 3 scrolls of acquirement
Potions
 d - 6 potions of might
 k - 4 potions of agility
 p - 16 potions of curing
 s - 2 potions of invisibility
 z - 6 potions of haste
 B - 2 potions of ambrosia
 C - 3 potions of cure mutation
 F - 8 potions of heal wounds
 G - 3 potions of magic
 Q - a potion of cancellation
 Y - a potion of resistance
Miscellaneous
 h - a phial of floods (inert)
 w - a lamp of fire (inert)
 S - 2 phantom mirrors
Comestibles
 f - 15 bread rations
 i - 14 meat rations
 u - a beef jerky
 A - 4 slices of pizza
 J - 3 royal jellies
 L - 22 fruits


   Skills:
 + Level 16.3(21.3) Fighting
 + Level 22.1(27) Maces & Flails
 + Level 16.5(21.5) Armour
 + Level 16.2(21.2) Shields
 + Level 15.8 Invocations


You had 20 spell levels left.
You didn't know any spells.

Dungeon Overview and Level Annotations

Branches:
Dungeon (15/15)            Temple (1/1) D:5            Lair (6/6) D:9
 Shoals (4/4) Lair:3        Snake (4/4) Lair:2        Slime (0/5) Lair:6
    Orc (2/2) D:10            Elf (0/3) Orc:2        Vaults (2/5) D:14
 Depths (0/5) D:15
  Crypt: Vaults:2-3

Altars:
Ashenzari
Cheibriados
Dithmenos
Elyvilon
Fedhas
Gozag
Hepliaklqana
Kikubaaqudgha
Makhleb
Nemelex Xobeh
Okawaru
Qazlal
Ru
Sif Muna
Trog
Uskayaw
Vehumet
Xom
Yredelemnul
Zin
The Shining One
Jiyva

Shops:
D:11 *   D:12 }   Orc:2 }([[*   Snake:4 =}}

Portals:
Trove: D:13 (give +3 gold dragon armour)

Annotations:
D:5 exclusion: oklob plant
Vaults:2 Asterion


Innate Abilities, Weirdness & Mutations

You are resistant to torment.
Your stone body is resilient. (AC +15)
You are immune to poison.
Your large and strong wings let you fly indefinitely.
You resist negative energy. (rN+)
You are resistant to electric shocks. (rElec)
You can survive without breathing.
You are immune to petrification.
You are immune to rotting.
You have large cloven feet.
Your skin changes colour to match your surroundings (Stealth+).
Your mind is acute. (Int +2)
Armour fits poorly on your strangely shaped body.
You are weak. (Str -2)


Message History

Asterion blocks your attack.
Asterion is heavily wounded.
Asterion hits you with a demon blade of electrocution!
Asterion gores you but does no damage. You block the cacodemon's attack.
The cacodemon hits you but does no damage.
Asterion blocks your attack.
Asterion is heavily wounded.
Asterion completely misses you. Asterion gores you but does no damage.
The wizard gestures at you while chanting.
The crystal spear hits you!
* * * LOW HITPOINT WARNING * * *
You block the ogre mage's attack. The cacodemon closely misses you. x2
You gain the combat prowess of a mighty hero.
You block Asterion's attack. x2; The wizard barely misses you.
You block the ogre mage's attack. The cacodemon misses you.
The cacodemon barely misses you. Asterion barely misses you. x2
You can now deal lightning-fast blows.
The wizard points at you and mumbles some strange words.
The crystal spear hits you!
You die...

#......#..#####################
#...(..#..#.......... .....
#......#..#......... .....
#..()..#..#........### .....
#+###))###'##.......##.## .....
....(((.....'.......#...# ......
.....)......#...O..##.>.# ......
...>........#..H2p.##...## .....
...(....(...#...@.##.#.#.########
#############.....#...#...'......
..................'...#...#......
..................'...#...#......
..................##.#.#.##......
...................##...###......
.#######'####......##...###......
.#..........#.......#...'.###'###
.#..........#.......##.##........


You could see Asterion, a cacodemon, an ogre mage and a wizard.

Vanquished Creatures
  Mara (Shoals:4)
  A lich (Abyss:2)
  Jorgrun (Vaults:1)
  Rupert (D:15)
  A kraken (Shoals:3)
  A sphinx (Vaults:1)
  4 tentacled starspawn (Abyss:2)
  Kirke (Shoals:4)
  A storm dragon (Vaults:2)
  Donald (Vaults:1)
  Ilsuiw (Shoals:3)
  5 greater nagas (Snake:4)
  A fire giant (D:15)
  3 vault wardens (Vaults:2)
  2 cacodemons (Abyss:2)
  A stone giant (Vaults:2)
  3 ironheart preservers
  A very ugly thing (Abyss:2)
  A deep elf demonologist (Vaults:1)
  A lorocyproca (Abyss:2)
  A deep elf death mage (Vaults:1)
  A minotaur (Lab)
  12 merfolk impalers
  Josephine (Snake:1)
  7 merfolk javelineers (Shoals:4)
  13 hydras
  3 fire dragons
  3 great orbs of eyes
  A yaktaur captain (Vaults:2)
  4 vault guards (Vaults:2)
  3 ice dragons
  21 naga warriors
  6 merfolk avatars
  5 centaur warriors
  7 anacondas
  A catoblepas (D:15)
  4 ogre magi (Orc:2)
  2 merfolk aquamancers (Shoals:2)
  A death yak (Lair:6)
  4 satyrs
  A deep troll earth mage (Vaults:1)
  4 thrashing horrors (Abyss:2)
  2 tengu warriors (D:13)
  Urug (Lair:3)
  11 naga sharpshooters
  A storm dragon zombie (Abyss:2)
  4 shock serpents
  5 wretched stars (Abyss:2)
  3 salamander mystics
  A skeletal warrior (D:14)
  A fire crab (Lair:6)
  3 shadow wraiths
  3 sixfirhies (Abyss:2)
  A spatial maelstrom (Abyss:2)
  3 unseen horrors
  18 sea snakes
  2 deep trolls (Vaults:1)
  9 naga ritualists
  2 wizards
  2 giant orange brains (Vaults:2)
  4 deep elf archers
  Pikel (D:5)
  10 ironbrand convokers
  9 hill giants
  8 mana vipers
  A wolf spider zombie (D:15)
  2 deep elf magi
  7 orc knights
  15 salamanders
  19 harpies
  5 ugly things
  A necromancer (Vaults:1)
  8 cyclopes
  8 griffons
  3 hornets
  11 manticores
  A worldbinder (Abyss:2)
  A wolf spider (Vaults:2)
  19 elephants
  4 orc sorcerers
  14 fauns
  12 sirens
  5 slime creatures
  5 guardian serpents
  A human skeleton (Vaults:1)
  2 ice statues (IceCv)
  30 black mambas
  A rust devil (Abyss:2)
  12 water nymphs
  A gargoyle (D:13)
  An apocalypse crab (Abyss:2)
  3 vault sentinels (Vaults:1)
  10 large abominations
  3 orange demons (Abyss:2)
  21 naga magi
  A torpor snail (Lair:6)
  3 smoke demons (Abyss:2)
  7 spiny frogs
  6 rime drakes
  6 komodo dragons
  An efreet (Abyss:2)
  4 yaktaurs (Vaults:2)
  A tormentor (Abyss:2)
  2 freezing wraiths
  A yaktaur (shapeshifter) (Vaults:1)
  2 guardian mummies (D:13)
  A hellwing (Abyss:2)
  6 ancient zymes (Abyss:2)
  2 ice devils (Abyss:2)
  8 trolls
  8 wind drakes
  A meliai (shapeshifter) (Vaults:1)
  28 merfolk
  17 two-headed ogres
  4 polar bears (Lair:6)
  3 boulder beetles
  13 snapping turtles
  24 blink frogs
  21 raiju (Abyss:2)
  A centaur simulacrum (D:14)
  A redback (shapeshifter) (D:14)
  2 shadows
  11 wraiths
  Sigmund (D:2)
  11 water elementals
  11 spriggans
  An ettin skeleton (Vaults:1)
  A ynoxinul (Abyss:2)
  17 small abominations (Abyss:2)
  27 yaks
  A hog (Shoals:4)
  2 wyverns
  A fire bat (shapeshifter) (Vaults:1)
  2 golden eyes (Abyss:2)
  3 hungry ghosts
  2 mottled dragons
  3 basilisks
  Grum (D:9)
  14 hippogriffs
  5 chaos spawn (Abyss:2)
  Edmund (D:6)
  50 nagas
  2 neqoxecs (Abyss:2)
  A spatial vortex (Abyss:2)
  4 wargs
  13 water moccasins
  9 porcupines
  18 ice beasts
  30 orc warriors
  5 sky beasts
  5 black bears
  2 phantoms
  3 eyes of draining
  4 wasps
  29 ogres
  5 boggarts
  17 centaurs
  32 wolves
  6 big kobolds
  5 crocodiles
  13 giant frogs
  2 wyvern skeletons
  17 scorpions
  A water moccasin skeleton (D:4)
  3 killer bees (D:9)
  2 howler monkeys
  5 wights (D:8)
  An electric eel (Lair:3)
  7 crimson imps
  2 quasits
  4 giant frog zombies
  3 starcursed masses (Abyss:2)
  5 centaur zombies
  6 hounds
  25 orc priests
  3 jellies
  2 giant frog skeletons (D:12)
  6 centaur skeletons
  4 human zombies
  A gnoll shaman (D:9)
  An iron imp (Abyss:2)
  7 iguanas
  25 orc wizards
  Natasha (thrice) (D:4)
  11 worker ants
  23 sheep
  2 big kobold zombies (Ossuary)
  2 human simulacra (D:12)
  A hound skeleton (D:7)
  3 mummies (Ossuary)
  2 worker ant zombies
  16 gnolls
  2 scorpion zombies (Ossuary)
  13 adders
  2 howler monkey skeletons (D:5)
  48 river rats
  4 shadow imps
  2 white imps
  2 ufetubi (Abyss:2)
  4 oozes
  6 worms
  A dart slug (D:5)
  4 giant geckos
  90 orcs
  6 ball pythons
  10 bats
  11 giant cockroaches
  3 gnoll zombies (Ossuary)
  9 goblins
  15 hobgoblins
  9 jackals
  22 kobolds
  6 quokkas
  9 giant newts
  2 goblin zombies (Ossuary)
  2 hobgoblin zombies (Ossuary)
  3 kobold zombies (Ossuary)
  2 orc zombies (Ossuary)
  2 quokka zombies
  8 rats
  3 fungi (D:9)
  A starspawn tentacle (Abyss:2)
  7 tentacles (Shoals:3)
1512 creatures vanquished.

Vanquished Creatures (collateral kills)
  An ironbrand convoker (Vaults:2)
1 creature vanquished.

Vanquished Creatures (others)
  2 tentacled starspawn (Abyss:2)
  2 very ugly things (Abyss:2)
  A blizzard demon (Abyss:2)
  A centaur warrior (Vaults:2)
  A giant orange brain (Abyss:2)
  A deep elf archer (Vaults:2)
  An ugly thing (Abyss:2)
  A water elemental (Shoals:2)
  A human (Shoals:4)
  3 large abominations (Abyss:2)
  A naga (Snake:4)
  4 small abominations (Abyss:2)
  2 centaurs
  An ogre (Vaults:2)
  A crimson imp (Abyss:2)
  2 starcursed masses (Abyss:2)
  An orc priest (Orc:2)
  2 orcs (Orc:2)
  14 fungi
  13 plants
  8 starspawn tentacles (Abyss:2)
  29 tentacles (Shoals:3)
92 creatures vanquished.

Grand Total: 1605 creatures vanquished

Notes
Turn   | Place    | Note
-------+----------+-------------------------------------------
     0 | D:1      | George the Gargoyle Fighter began the quest for the Orb.
     0 | D:1      | Reached XP level 1. HP: 14/14 MP: 1/1
   264 | D:1      | Reached XP level 2. HP: 19/19 MP: 2/2
   356 | D:1      | Reached skill level 3 in Maces & Flails
   597 | D:2      | Reached XP level 3. HP: 23/23 MP: 3/3
   658 | D:2      | Reached skill level 4 in Maces & Flails
   837 | D:2      | Reached XP level 4. HP: 22/28 MP: 4/4
   849 | D:2      | HP: 1/28 [gnoll/flail (5)]
  1257 | D:2      | Noticed Sigmund
  1289 | D:2      | Killed Sigmund
  1289 | D:2      | Reached skill level 6 in Maces & Flails
  1289 | D:2      | Reached XP level 5. HP: 14/32 MP: 5/5
  1289 | D:2      | Reached XP level 6. HP: 16/37 MP: 6/6
  2352 | D:3      | Found a bloodstained altar of Trog.
  2637 | D:4      | Gained mutation: You have large cloven feet. [potion of beneficial mutation]
  2638 | D:4      | Gained mutation: Your skin changes colour to match your surroundings (Stealth+). [potion of beneficial mutation]
  2643 | D:4      | Noticed Natasha
  2659 | D:4      | Killed Natasha
  2659 | D:4      | Reached skill level 7 in Maces & Flails
  2659 | D:4      | Noticed Natasha
  2668 | D:4      | Killed Natasha
  2677 | D:4      | Noticed Natasha
  2682 | D:4      | Killed Natasha
  2695 | D:4      | Noticed a phantom
  2705 | D:4      | Reached XP level 7. HP: 41/41 MP: 7/7
  2793 | D:4      | Reached skill level 8 in Maces & Flails
  2851 | D:4      | Found a sand-covered staircase.
  2876 | Ossuary  | Entered an ossuary
  2955 | Ossuary  | Reached skill level 9 in Maces & Flails
  2960 | Ossuary  | Reached XP level 8. HP: 42/46 MP: 8/8
  3584 | D:5      | Entered Level 5 of the Dungeon
  3653 | D:5      | Found a glowing drain.
  3675 | Sewer    | Entered a sewer
  3784 | Sewer    | Reached XP level 9. HP: 52/52 MP: 9/9
  3794 | Sewer    | Reached skill level 5 in Shields
  3876 | Sewer    | Reached skill level 5 in Armour
  4071 | D:5      | Reached skill level 5 in Fighting
  4105 | D:5      | Found a staircase to the Ecumenical Temple.
  4114 | Temple   | Entered the Ecumenical Temple
  4221 | Temple   | Became a worshipper of Warmaster Okawaru
  4421 | D:5      | Found a blossoming altar of Fedhas.
  4444 | D:5      | Noticed an oklob plant
  4525 | D:5      | Found a sparkling altar of Nemelex Xobeh.
  4862 | D:6      | Noticed Pikel
  4895 | D:5      | Killed Pikel
  4895 | D:5      | Reached skill level 10 in Maces & Flails
  4895 | D:5      | Reached skill level 1 in Invocations
  4927 | D:6      | Got a blackened war axe
  4928 | D:6      | Identified the cursed +1 war axe "Loopy" {flame, rPois MR++ Dex-4} (You found it on level 6 of the Dungeon)
  5046 | D:6      | Noticed Edmund
  5058 | D:6      | Killed Edmund
  5493 | D:6      | Reached * piety under Okawaru
  5578 | D:7      | Found an opulent altar of Gozag.
  5794 | D:7      | Reached XP level 10. HP: 60/60 MP: 12/12
  6683 | D:8      | Reached ** piety under Okawaru
  6702 | D:8      | Found a sacrificial altar of Ru.
  7308 | D:9      | Found a staircase to the Lair.
  7404 | D:9      | Found a sacrificial altar of Ru.
  7410 | D:9      | Found a deep blue altar of Sif Muna.
  7429 | D:9      | Noticed Grum
  7445 | D:9      | Killed Grum
  7681 | D:9      | Reached *** piety under Okawaru
  7681 | D:9      | Reached skill level 5 in Invocations
  7928 | D:9      | Found a burning altar of Makhleb.
  7929 | D:9      | Found a shimmering altar of Xom.
  7965 | D:10     | Entered Level 10 of the Dungeon
  8020 | D:10     | Noticed a centaur warrior
  8027 | D:10     | Noticed a centaur warrior
  8120 | D:10     | Found a staircase to the Orcish Mines.
  8202 | D:10     | Reached XP level 11. HP: 66/67 MP: 15/15
  8300 | D:10     | Reached **** piety under Okawaru
  8300 | D:10     | Reached skill level 11 in Maces & Flails
  8578 | D:10     | Noticed a hill giant
  8587 | D:10     | Killed a hill giant
  8691 | D:10     | Killed a centaur warrior
  8959 | D:11     | Reached ***** piety under Okawaru
  9064 | D:11     | Found a labyrinth entrance.
  9064 | D:11     | Noticed a red ugly thing
  9080 | D:11     | Killed a red ugly thing
  9084 | Lab      | Entered a labyrinth
  9513 | Lab      | Noticed a minotaur
  9532 | Lab      | Killed a minotaur
  9532 | Lab      | Received a gift from Okawaru
  9548 | Lab      | Identified Quremilot's Disquisition on Conjuration and Air
  9549 | Lab      | Got a twitching ivory amulet
  9627 | D:11     | Identified the amulet of Cuocen {RegenMP Str+4 Dex+4} (You found it in a labyrinth)
  9942 | D:11     | Found Vomoomi's General Store.
 10427 | D:12     | Noticed a centaur warrior
 10433 | D:12     | Killed a centaur warrior
 10433 | D:12     | Reached XP level 12. HP: 76/76 MP: 17/17
 10502 | D:12     | Got a heavily runed cloak
 10513 | D:12     | Identified the +1 cloak of Sloth {rPois MR++} (You found it on level 12 of the Dungeon)
 10821 | D:12     | Noticed a six-headed hydra
 10834 | D:12     | Killed a six-headed hydra
 10863 | D:12     | Reached skill level 12 in Maces & Flails
 10971 | D:12     | Found Jitafo's Gadget Boutique.
 11165 | Lair:1   | Entered Level 1 of the Lair of Beasts
 11188 | Lair:1   | Reached skill level 10 in Shields
 11249 | Lair:1   | Found a frozen archway.
 11262 | Lair:1   | Reached skill level 14 in Maces & Flails
 11262 | Lair:1   | Reached XP level 13. HP: 81/81 MP: 19/19
 11269 | IceCv    | Entered an ice cave
 11293 | IceCv    | Reached ****** piety under Okawaru
 11363 | IceCv    | Reached skill level 10 in Armour
 11433 | IceCv    | Received a gift from Okawaru
 11692 | IceCv    | Noticed an ice dragon
 11693 | IceCv    | Noticed an ice dragon
 11714 | IceCv    | Killed an ice dragon
 11721 | IceCv    | Killed an ice dragon
 11721 | IceCv    | Reached skill level 10 in Fighting
 12786 | Lair:2   | Found a staircase to the Snake Pit.
 13222 | Lair:2   | Gained mutation: Your large and strong wings let you fly indefinitely. [Gargoyle growth]
 13222 | Lair:2   | Reached XP level 14. HP: 82/88 MP: 20/20
 13229 | Lair:2   | Received a gift from Okawaru
 13840 | Lair:3   | Found a staircase to the Shoals.
 14192 | Lair:3   | Noticed Urug
 14215 | Lair:3   | Killed Urug
 15202 | Lair:5   | Reached skill level 10 in Invocations
 16077 | Lair:6   | Entered Level 6 of the Lair of Beasts
 16088 | Lair:6   | Received a gift from Okawaru
 16457 | Lair:6   | Reached skill level 15 in Maces & Flails
 16588 | Lair:6   | Reached XP level 15. HP: 95/95 MP: 23/23
 17270 | Lair:6   | Received a gift from Okawaru
 17276 | Lair:6   | Got a distressingly furry robe {god gift}
 17326 | Lair:6   | Identified the +2 robe "Qykhles" {+Blink rF+ Dex+5 SInv} (Okawaru gifted it to you on level 6 of the Lair of Beasts)
 17520 | Lair:6   | Found a viscous altar of Jiyva.
 17523 | Lair:6   | Found a staircase to the Slime Pits.
 18190 | Orc:1    | Entered Level 1 of the Orcish Mines
 18677 | Orc:2    | Entered Level 2 of the Orcish Mines
 19084 | Orc:1    | HP: 4/97 [orc priest/divine providence (14)]
 19736 | Orc:2    | Found Siefeucu's Weapon Shop.
 19736 | Orc:2    | Found Fuh Tuim's Antique Armour Shoppe.
 19737 | Orc:2    | Found Moleidul's Gadget Emporium.
 19737 | Orc:2    | Found Katolataa's Antique Armour Shop.
 19904 | Orc:2    | Received a gift from Okawaru
 19980 | Orc:2    | Found a staircase to the Elven Halls.
 20368 | Orc:2    | Found Yfroh's General Store.
 20412 | Orc:2    | Reached XP level 16. HP: 103/103 MP: 23/25
 20517 | Orc:2    | Bought a runed shield for 117 gold pieces
 20532 | Orc:2    | Bought a pair of brightly glowing boots for 228 gold pieces
 20542 | Orc:2    | Identified the cursed -7 pair of boots of the Saviour {rC- MP+9 Int+3 SInv} (You bought it in a shop on level 2 of the Orcish Mines)
 20544 | Orc:2    | Bought a runed helmet for 108 gold pieces
 20555 | Orc:2    | Bought a shiny helmet for 117 gold pieces
 20638 | Orc:2    | Bought a scroll of enchant weapon for 82 gold pieces
 20775 | D:13     | Found a shadowy altar of Dithmenos.
 21200 | D:13     | Found a portal to a secret trove of treasure.
 21929 | D:14     | Received a gift from Okawaru
 22147 | D:14     | Found a gate to the Vaults.
 22692 | D:15     | Entered Level 15 of the Dungeon
 22880 | D:15     | Found a staircase to the Depths.
 23202 | D:15     | Noticed Rupert
 23223 | D:15     | Killed Rupert
 23251 | D:15     | Reached skill level 16 in Maces & Flails
 24269 | Shoals:1 | Entered Level 1 of the Shoals
 25413 | Shoals:2 | Received a gift from Okawaru
 25892 | Shoals:2 | Reached XP level 17. HP: 77/110 MP: 26/26
 26202 | Shoals:2 | Found a runed door.
 26922 | Shoals:3 | Got a faintly glowing morningstar
 26923 | Shoals:3 | Identified the +8 morningstar "Lioggass" {flame, *Rage rC+ Dex+6} (You found it on level 3 of the Shoals)
 26959 | Shoals:3 | Noticed Ilsuiw
 26992 | Shoals:3 | Killed Ilsuiw
 27157 | Shoals:3 | Noticed a kraken
 27215 | Shoals:3 | Received a gift from Okawaru
 27589 | Shoals:3 | Killed a kraken
 28363 | Shoals:4 | Entered Level 4 of the Shoals
 28379 | Shoals:4 | Found a flickering gateway to a bazaar.
 28396 | Bazaar   | Entered a bazaar
 28400 | Bazaar   | Found Jinol's Jewellery Boutique.
 28418 | Bazaar   | Found Xuyqixes's Magic Scroll Emporium.
 28435 | Bazaar   | Found Giukh's Magic Scroll Boutique.
 28452 | Bazaar   | Found Iguege's Magic Scroll Shoppe.
 28474 | Bazaar   | Bought a scroll of teleportation for 33 gold pieces
 28474 | Bazaar   | Bought a scroll of blinking for 82 gold pieces
 28480 | Bazaar   | Bought a scroll of enchant armour for 82 gold pieces
 28495 | Bazaar   | Bought a scroll of enchant weapon for 75 gold pieces
 28495 | Bazaar   | Bought a scroll of teleportation for 30 gold pieces
 28510 | Bazaar   | Bought a scroll of enchant armour for 105 gold pieces
 28510 | Bazaar   | Bought a scroll of enchant weapon for 105 gold pieces
 28699 | Shoals:4 | Noticed Mara
 28710 | Shoals:4 | Noticed George's illusion
 28998 | Shoals:4 | Noticed George's illusion
 29118 | Shoals:4 | Noticed George's illusion
 29232 | Shoals:4 | Noticed George's illusion
 29374 | Shoals:4 | Noticed George's illusion
 29477 | Shoals:4 | Killed Mara
 29477 | Shoals:4 | Received a gift from Okawaru
 29477 | Shoals:4 | Reached skill level 17 in Maces & Flails
 30133 | Shoals:4 | Reached skill level 18 in Maces & Flails
 30167 | Shoals:3 | Reached XP level 18. HP: 50/116 MP: 28/28
 30598 | Shoals:4 | Reached skill level 19 in Maces & Flails
 30601 | Shoals:4 | Received a gift from Okawaru
 30727 | Shoals:4 | Got a bloodstained flail {god gift}
 30730 | Shoals:4 | Identified the +7 flail of Taxation {flame, +Blink} (Okawaru gifted it to you on level 4 of the Shoals)
 30747 | Shoals:4 | Got a barnacled rune of Zot
 30793 | Shoals:4 | Cast into level 2 of the Abyss (merfolk impaler)
 31153 | Abyss:2  | Gained mutation: You are weak. (Str -2) [a cacodemon]
 31164 | Abyss:2  | Found a corrupted altar of Lugonu.
 31254 | Abyss:2  | Reached skill level 20 in Maces & Flails
 31448 | Abyss:2  | Found a corrupted altar of Lugonu.
 31524 | Shoals:4 | Escaped the Abyss
 31974 | Shoals:4 | Noticed Kirke
 31989 | Shoals:4 | Killed Kirke
 31989 | Shoals:4 | Received a gift from Okawaru
 32029 | Shoals:4 | Cast into level 2 of the Abyss (merfolk impaler)
 32068 | Abyss:2  | Found a radiant altar of Vehumet.
 32466 | Abyss:2  | Reached skill level 21 in Maces & Flails
 32985 | Abyss:2  | Paralysed by accursed screaming for 1 turns
 33006 | Abyss:2  | Found a corrupted altar of Lugonu.
 33048 | Abyss:2  | Reached XP level 19. HP: 111/122 MP: 29/29
 33113 | Abyss:2  | Found a corrupted altar of Lugonu.
 33157 | Abyss:2  | Noticed a lich
 33177 | Abyss:2  | Killed a lich
 33345 | Abyss:2  | Found a corrupted altar of Lugonu.
 33407 | Shoals:4 | Escaped the Abyss
 33665 | Shoals:4 | Got a pair of bloodstained gloves {god gift}
 33676 | Shoals:4 | Identified the +0 pair of gloves of Fuogum {rPois rN+ Stlth-} (Okawaru gifted it to you on level 4 of the Shoals)
 33707 | Shoals:4 | Got a smoking robe
 33718 | Shoals:4 | Identified the +1 robe of the Other Side {rC+ Stlth+} (You found it on level 4 of the Shoals)
 33923 | Snake:1  | Entered Level 1 of the Snake Pit
 33960 | Snake:1  | Received a gift from Okawaru
 33975 | Snake:1  | Got a scorched shield {god gift}
 33986 | Snake:1  | Identified the +0 shield of God Told Me To {MR- Dex+6} (Okawaru gifted it to you on level 1 of the Snake Pit)
 34184 | Snake:1  | Identified 3 scrolls of acquirement
 34289 | Snake:1  | Noticed Josephine
 34297 | Snake:1  | Killed Josephine
 34541 | Snake:1  | Reached skill level 15 in Armour
 35952 | Snake:3  | Reached skill level 15 in Shields
 35983 | Snake:3  | Found an iron altar of Okawaru.
 37211 | Snake:4  | Entered Level 4 of the Snake Pit
 37352 | Snake:4  | Reached skill level 15 in Fighting
 37994 | Snake:4  | Gained mutation: Your mind is acute. (Int +2) [potion of beneficial mutation]
 38081 | Snake:4  | Received a gift from Okawaru
 38114 | Snake:4  | Got a twisted robe {god gift}
 38126 | Snake:4  | Identified the +1 robe "Xuogud" {rF+ Dex+3} (Okawaru gifted it to you on level 4 of the Snake Pit)
 38430 | Snake:4  | Reached XP level 20. HP: 129/129 MP: 31/31
 38697 | Snake:4  | Reached skill level 15 in Invocations
 39299 | Snake:4  | Got a serpentine rune of Zot
 39477 | Snake:4  | Found Kaammir's Jewellery Boutique.
 39477 | Snake:4  | Found Finirpho's Gadget Shoppe.
 39478 | Snake:4  | Found Tyeph's Gadget Shoppe.
 39893 | Vaults:1 | Entered Level 1 of the Vaults
 40064 | Vaults:1 | Noticed Donald
 40076 | Vaults:1 | Noticed Jorgrun
 40083 | Vaults:1 | Killed Donald
 40104 | Vaults:1 | Killed Jorgrun
 40126 | Vaults:1 | Received a gift from Okawaru
 40163 | Vaults:1 | Got a heavily runed iron amulet
 40165 | Vaults:1 | Identified the amulet of Recklessness {RegenMP Str+4 Dex+2} (You found it on level 1 of the Vaults)
 40609 | Vaults:1 | Reached skill level 22 in Maces & Flails
 41376 | Vaults:2 | Received a gift from Okawaru
 42168 | Vaults:2 | Reached XP level 21. HP: 136/136 MP: 32/32
 42574 | Vaults:2 | Noticed Asterion
 42587 | Vaults:2 | Gained mutation: Armour fits poorly on your strangely shaped body. [a cacodemon]
 42595 | Vaults:2 | Killed from afar by a wizard

Vault maps used:
D:1:      moated_graveyard_arrival, minmay_misc_feat_roman
D:2:      minmay_tromino_i4, uniq_sigmund
D:3:      first_bread, bloody_trog
D:4:      nicolae_ossuary_entry_false_entrances, kennysheep_generic_room_10,
          uniq_natasha
D:5:      nicolae_overflow_crystal_walls, portal_sewer_entry_b, tgw_fedhas
D:6:      uniq_pikel, uniq_edmund
D:7:      basic_altar
D:8:      serial_aquarium, aquarium_bridge_straight,
          aquarium_bridge_island_small, aquarium_window_corner,
          aquarium_window_1, aquarium_window_1, aquarium_view_2g,
          aquarium_balcony_3a, basic_altar, minmay_fire_ice_demons
D:9:      grunt_temple_overflow_champion_of_chaos, grunt_temple_overflow_open,
          due_lair_maze_entry_diamond, uniq_grum
D:10:     orc_0_dummy, hangedman_stone_soup, minmay_diamond_spiral
D:11:     lab_entry_generic, serial_shops, kennysheep_little_box,
          kennysheep_generic_room_4
D:12:     serial_shops, kennysheep_mini, bh_circular_ruins
D:13:     nicolae_trove_entry_path_of_doom, basic_altar
D:14:     hangedman_vaults_entry_quadrant_bands, serial_park_paths
D:15:     grunt_enter_depths_giant_problem, minmay_misc_feat_nine_boxes,
          hangedman_decor_slide_cut, uniq_rupert
Temple:   eino_temple_scatter_basement
Lair:1:   portal_ice_cave_entry_pillars_1, serial_bayou_shore_b
Lair:2:   minmay_snake_entry_guardpost_small
Lair:3:   elwin_shoals_entry_rooms, serial_bayou_lagoon_a, minivault_23,
          uniq_urug
Lair:5:   boulder_dual_corridor_run, grunt_megastairs_2, lemuel_fruit_tree
Lair:6:   minmay_lair_end_enchanted_forest, slime_altar_1,
          hangedman_lair_generics_rect
Shoals:1: nicolae_shoals_cliffside_cave
Shoals:2: nicolae_shoals_island_circles, abandoned_shop, lightli_airlock
Shoals:3: uniq_ilsuiw
Shoals:4: shoals_end_simple, shoal_ilsuiw, serial_shops, bzr_entry_gold,
          uniq_kirke, uniq_mara
Snake:1:  uniq_josephine
Snake:3:  basic_altar, library_closet, grunt_ministairs_6
Snake:4:  snake_pit, grunt_ministairs_8, minmay_shop_grove
Orc:1:    cheibrodos_orc_bank, basic_altar, special_room
Orc:2:    st_orc_ogre_mass, serial_shops, nicolae_shop_stone
Vaults:1: vaults_standard_mumra_enter_the_diamond,
          nicolae_vaults_stairing_the_circle, v_misc_33, v_misc_30, v_rooms_6,
          nicolae_vaults_angled_halls, ontoclasm_vaults_twist,
          vaults_room_semicircle, vaults_room_hallway, uniq_jorgrun, uniq_donald
Vaults:2: vaults_room_pools, v_misc_33, nicolae_vaults_network_barrier,
          vaults_mumra_hexcomb, ontoclasm_vaults_gateway,
          hangedman_vaults_nodes, v_misc_9, v_misc_8, v_rooms_6,
          nicolae_vaults_gold_heap, vaults_dpeg_diagonal,
          nicolae_vaults_asterisk, serial_hangedman_research, uniq_asterion
Abyss:2:  minivault_25, minivault_24, evilmike_abyss_exit_16
Lab:      labyrinth_green
Bazaar:   bazaar_jpeg_circle_common
Sewer:    sewer_co_15_rooms
Ossuary:  ossuary_minmay_scorpions
IceCv:    ice_cave_small_dragons

Skill      XL: |  1  2  3  4  5  6  7  8  9 10 11 12 13 14 15 16 17 18 19 20 |
---------------+-------------------------------------------------------------+-----
Maces & Flails | 3 4 6 7 9 10 11 14 15 16 18 21 22 | 22.1
Shields        | 4 6 8 9 10 11 12 13 14 15 16 | 16.2
Fighting       | 4 6 7 9 10 11 12 13 14 15 16 | 16.3
Armour         | 4 6 7 9 10 11 12 13 14 15 16 | 16.5
Invocations    | 3 5 7 8 10 12 13 14 15 | 15.8

Action                   |  1- 3 |  4- 6 |  7- 9 | 10-12 | 13-15 | 16-18 | 19-21 || total
-------------------------+-------+-------+-------+-------+-------+-------+-------++-------
Melee: Flail             |    80 |   220 |   587 |  1051 |  2564 |  2321 |  1776 ||  8599
       Morningstar       |       |       |       |       |       |   723 |   120 ||   843
Throw: Throwing net      |       |       |       |       |       |     1 |       ||     1
Invok: Heroism           |       |       |       |       |     5 |     7 |     6 ||    18
       Finesse           |       |       |       |       |     4 |     6 |     5 ||    15
 Abil: Fly               |       |       |       |       |     1 |       |       ||     1
Evoke: Wand              |       |       |       |       |       |     6 |       ||     6
       Phantom mirror    |       |       |       |       |       |     1 |       ||     1
       Lamp of fire      |       |       |       |       |       |       |     1 ||     1
       Phial of floods   |       |       |       |       |       |       |     1 ||     1
  Use: Scroll            |       |     9 |     4 |    13 |     5 |     9 |     2 ||    42
       Potion            |       |     2 |       |     1 |       |     2 |     1 ||     6
  Eat: Chunk             |       |     6 |    10 |    23 |    33 |    41 |    26 ||   139
       Pizza             |       |       |     1 |     1 |       |       |       ||     2
       Beef jerky        |       |       |       |     1 |       |     1 |       ||     2
       Meat ration       |       |       |       |     1 |       |       |       ||     1
       Royal jelly       |       |       |       |       |       |     1 |     4 ||     5
Armor: Scale mail        |    43 |    40 |       |       |       |       |       ||    83
       Plate armour      |       |    78 |   386 |   600 |   244 |       |       ||  1308
       Chain mail        |       |    25 |       |       |       |   863 |   889 ||  1777
       Crystal plate arm |       |       |       |       |  1979 |   858 |       ||  2837
Dodge: Dodged            |    19 |    41 |    87 |   174 |   489 |   567 |   353 ||  1730
Block: Shield            |    53 |   122 |   277 |   576 |  1910 |  2179 |   967 ||  6084
       Large shield      |       |       |       |       |       |       |   452 ||   452
       Reflection        |       |       |       |       |       |       |    23 ||    23
